 Dungeon Crawl Stone Soup version bcrawl-1.20.1 (webtiles) character file.

Game seed: 683540274084143428

59 Freyura the Skirmisher (level 3, -3/29 HPs)
             Began as a Demonspawn Abyssal Knight on Jan 26, 2020.
             Was a Believer of Lugonu.
             Killed by nerve-wracking pain
             ... invoked by Jessica
              (11 damage)
             ... on level 2 of the Dungeon.
             The game lasted 00:04:16 (1643 turns).

Freyura the Skirmisher (Demonspawn Abyssal Knight)  Turns: 1643, Time: 00:04:17

Health: -3/29      AC:  9    Str: 12    XL:     3   Next: 78%
Magic:  5/5        EV:  9    Int: 13    God:    Lugonu [**....]
Gold:   112        SH:  0    Dex: 13    Spells: 2/2 levels left

rFire    . . .     SeeInvis .   a - +1 mace
rCold    . . .     Gourm    .   (no shield)
rNeg     . . .     Faith    .   l - +0 ring mail
rPois    .         Spirit   .   (no helmet)
rElec    .         Reflect  .   k - +2 cloak
rCorr    .         Harm     .   (no gloves)
MR       .....                  (no boots)
Stlth    ++........             (no amulet)
HPRegen  0.09/turn              (no ring)
MPRegen  0.09/turn              (no ring)

@: heavily drained
A: rugged brown scales 1, nightstalker 1
a: Depart the Abyss, Bend Space, Banish, Renounce Religion


You were on level 2 of the Dungeon.
You worshipped Lugonu.
Lugonu was pleased with you.
You were hungry.

You visited 1 branch of the dungeon, and saw 2 of its levels.
You visited the Abyss 1 time.

You collected 112 gold pieces.

Inventory:

Hand Weapons
 a - a +1 mace (weapon)
Missiles
 c - 10 tomahawks of dispersal (quivered)
 d - 1202 stones
Armour
 b - a +0 leather armour
 k - a +2 cloak (worn)
 l - a +0 ring mail (worn)
Scrolls
 h - 2 scrolls of magic mapping
 i - 5 scrolls of identify
 j - 2 scrolls of enchant armour
 m - a scroll of remove curse
 n - a scroll of fear {unknown}
Potions
 f - a potion of curing
 g - a potion of mutation {unknown}
Comestibles
 e - 5 rations {!d}


   Skills:
 + Level 3.6(0.9) Fighting
 * Level 2.8(0.2) Maces & Flails
 - Level 0.8(0.0) Throwing
 + Level 2.0(0.0) Armour
 + Level 1.1(0.0) Dodging
 + Level 0.2(0.0) Stealth
 + Level 3.0(0.3) Invocations


You had 2 spell levels left.
You didn't know any spells.
Your spell library was empty.

Dungeon Overview and Level Annotations

Branches:
Dungeon (2/12)

Altars:

Annotations:
D:2 Jessica


Innate Abilities, Weirdness & Mutations

You are partially covered in rugged brown scales. (AC +1, +3% HP)
You are slightly more attuned to the shadows.


Message History

You are too injured to fight recklessly!
You are too injured to fight recklessly!
You hit the kobold.
You kill the kobold!
Lugonu accepts your kill.
Jessica hits you with a +2 dagger of draining.
* * * LOW HITPOINT WARNING * * *
You feel drained.
You completely miss Jessica.
Jessica is almost dead.
Jessica hits you but does no damage.
You feel drained.
Jessica casts a spell.
Jessica blinks!
Jessica looks very angry.
You closely miss Jessica.
Jessica is almost dead.
Jessica closely misses you. Jessica casts a spell at you.
Pain shoots through your body!
You die...

#§.≈###≈.§#**≈.≈#**≈,≈###≈§ ***
#..≈# #≈.≈# *§.≈# *≈,≈* #§§ ,,*
#..≈###≈§§###§.≈###§.≈###≈.
,,*####..≈≈≈≈≈.§§≈≈≈.≈≈≈§≈§≈≈≈≈≈.
,,...........§....).......§......
,*#..#########...............#...
,,K.,,,,...#*##......#.##....#...
**#,,,,,##...#..@....#...###.....
*,**,,.....)..@....#.#...##.>..
*,,**,....................[..##
**,,*,............##.##...#..##
**,,,......##...##*,*###....).
***,#####.,.[....*,* ####...
*,,***#.,..<....,* ##...
*,,,,*#.,.......** #....
*,**,,<,,,,,,,,,* #....
*,*****,,,,,,,,,* #.>..


You could see Jessica.

Vanquished Creatures
  2 oozes (D:1)
  2 worms
  2 leopard geckos (D:1)
  4 giant cockroaches
  4 goblins
  5 hobgoblins
  10 kobolds
  4 bats
  4 frilled lizards
  2 rats (D:1)
39 creatures vanquished.

Notes
Turn   | Place    | Note
-------+----------+-------------------------------------------
     0 | Abyss:1  | Freyura the Demonspawn Abyssal Knight began the quest for
                  | the Orb.
     0 | Abyss:1  | Reached XP level 1. HP: 18/18 MP: 2/2
    26 | D:1      | Escaped the Abyss
   364 | D:1      | Reached skill level 1 in Dodging
   420 | D:1      | Gained mutation: You are partially covered in rugged brown
                  | scales. (AC +1, +3% HP) [demonic ancestry]
   420 | D:1      | Reached XP level 2. HP: 14/24 MP: 4/4
   882 | D:1      | Gained mutation: You are slightly more attuned to the
                  | shadows. [demonic ancestry]
   882 | D:1      | Reached XP level 3. HP: 29/29 MP: 5/5
  1057 | D:1      | Reached ** piety under Lugonu
  1621 | D:2      | Noticed Jessica
  1643 | D:2      | Killed from afar by Jessica

Skill      XL: |  1  2  3 |
---------------+----------+-----
Dodging        | 1 |  1.1
Maces & Flails | 2 |  2.8
Armour         | 2 |  2.0
Invocations    | 3 |  3.0
Fighting       | |  3.6
Throwing       | |  0.8
Stealth        | |  0.2

Action                   || total
-------------------------++-------
Melee: Mace              ||   133
  Use: Scroll            ||     6
 Stab: Sleeping          ||     5
  Eat: Chunk             ||     2
Armor: Leather armour    ||    21
       Ring mail         ||    34
Dodge: Dodged            ||    82
